 Dungeon Crawl Stone Soup version 0.23-a0-655-g3751e1c (console) character file.

137 Duffy the Firebug (level 5, 35/35 HPs)
             Began as a Demonspawn Fire Elementalist on Jan 7, 2019.
             Quit the game on level 3 of the Dungeon.
             The game lasted 00:02:55 (2523 turns).

Duffy the Firebug (Demonspawn Fire Elementalist)    Turns: 2523, Time: 00:02:56

Health: 35/35      AC:  2    Str:  9    XL:     5   Next: 0%
Magic:  6/9        EV: 10    Int: 17    God:
Gold:   66         SH:  5    Dex: 13    Spells: 2/10 levels left

rFire    . . .     SeeInvis .   g - +0 short sword
rCold    + . .     Gourm    .   (no shield)
rNeg     . . .     Faith    .   a - +0 robe
rPois    .         Spirit   .   (no helmet)
rElec    .         Reflect  +   (no cloak)
rCorr    .         Harm     .   (no gloves)
MR       .....                  (no boots)
Stlth    ++++......             j - +5 amulet of reflection
HPRegen  0.11/turn              h - -2 ring of evasion (curse)
MPRegen  0.11/turn              (no ring)

@: no status effects
A: cold resistance 1, nightstalker 2
a: no special abilities


You were on level 3 of the Dungeon.
You were not hungry.

You visited 1 branch of the dungeon, and saw 3 of its levels.

You collected 66 gold pieces.

Inventory:

Hand Weapons
 g - a +0 short sword (weapon)
Armour
 a - a +0 robe (worn)
Jewellery
 h - a cursed -2 ring of evasion (left hand)
 j - a +5 amulet of reflection (around neck)
Scrolls
 b - a scroll of enchant armour {unknown}
 f - a scroll of remove curse {unknown}
 k - a scroll of enchant weapon {unknown}
Potions
 e - 3 potions of heal wounds {unknown}
 i - a potion of curing {unknown}
Comestibles
 c - 5 rations
 d - 3 chunks of flesh


   Skills:
 - Level 1.7 Dodging
 - Level 1.7 Stealth
 + Level 3.0 Spellcasting
 * Level 3.3 Conjurations
 + Level 3.4 Fire Magic


You had 2 spell levels left.
You knew the following spells:

 Your Spells              Type           Power        Failure   Level  Hunger
h - Flame Tongue          Conj/Fire      ##...        4%          1    None
j - Sticky Flame          Conj/Fire      ##......     38%         4    ####...
l - Conjure Flame         Conj/Fire      ##......     13%         3    ###....

Your spell library contained the following spells:

 Spells                   Type           Power        Failure   Level  Hunger
 Throw Flame              Conj/Fire      ##....       6%          2    ##.....
 Inner Flame              Hex/Fire       #.......     26%         3    ###....
 Fireball                 Conj/Fire      ##........   75%         5    ######.


Dungeon Overview and Level Annotations

Branches:
Dungeon (3/15)

Altars:

Annotations:
D:3 Robin


Innate Abilities, Weirdness & Mutations

Your flesh is cold resistant. (rC+)
You are significantly more attuned to the shadows.


Message History

You see here a +0 dagger.
You see here a +0 dagger.
Casting: Flame Tongue (safe; 4% risk of failure)
Confirm with . or Enter, or press ? or * to list all spells.
Aiming: Flame Tongue (safe; 4% risk of failure)
Press: ? - help, Shift-Dir - straight line, f - hobgoblin
Aim: a hobgoblin, wielding a +0 club The flame tongue hits the hobgoblin.
The hobgoblin is moderately wounded.
Casting: Flame Tongue (safe; 4% risk of failure)
Confirm with . or Enter, or press ? or * to list all spells.
Aiming: Flame Tongue (safe; 4% risk of failure)
Press: ? - help, Shift-Dir - straight line, f/p - hobgoblin
Aim: a hobgoblin, wielding a +0 club (moderately wounded)
The flame tongue hits the hobgoblin.
You kill the hobgoblin!
You have reached level 5!
Your demonic ancestry asserts itself...
You feel resistant to cold.
Are you sure you want to abandon this character and quit the game? (Confirm

.. #...........#
##.
#........g..g
...#...g.......#
#.#.....g.).###
#...###...###
###.# #.###
#...###.#
#.#)....#
.####.#@######
......#.).....
..####.....##.
#.#<.)# #.#.###
..... #...##.
..##. .. .. .#


There were no monsters in sight!

Vanquished Creatures
  Terence (D:2)
  4 adders
  A dart slug (D:1)
  2 leopard geckos (D:1)
  2 ball pythons (D:1)
  17 goblins
  8 hobgoblins
  7 kobolds
  A quokka (D:2)
  12 bats
  6 frilled lizards
  7 rats
68 creatures vanquished.

Notes
Turn   | Place    | Note
-------+----------+-------------------------------------------
     0 | D:1      | Duffy the Demonspawn Fire Elementalist began the quest for
                  | the Orb.
     0 | D:1      | Reached XP level 1. HP: 13/13 MP: 3/3
   254 | D:2      | Gained mutation: You are slightly more attuned to the
                  | shadows. [demonic ancestry]
   254 | D:2      | Reached XP level 2. HP: 19/19 MP: 0/5
   838 | D:1      | Reached XP level 3. HP: 19/24 MP: 1/6
   843 | D:1      | Learned a level 3 spell: Conjure Flame
  1623 | D:2      | Noticed Terence
  1627 | D:2      | Killed Terence
  1627 | D:2      | Gained mutation: You are significantly more attuned to the
                  | shadows. [demonic ancestry]
  1627 | D:2      | Reached XP level 4. HP: 30/30 MP: 4/8
  1704 | D:2      | Found a faded altar of an unknown god.
  1914 | D:2      | Learned a level 4 spell: Sticky Flame
  2394 | D:3      | Noticed Robin
  2522 | D:3      | Gained mutation: Your flesh is cold resistant. (rC+)
                  | [demonic ancestry]
  2522 | D:3      | Reached XP level 5. HP: 35/35 MP: 6/9
  2523 | D:3      | Quit the game

Vault maps used:
D:1:      lemuel_arrival_hallway
D:2:      chequers_ecumenical_altar_lobes, chequers_serial_rivers_micro_a,
          uniq_terence
D:3:      minmay_pentomino_pile, uniq_robin

Skill      XL: |  1  2  3  4 |
---------------+-------------+-----
Fire Magic     | 3 |  3.4
Conjurations   | 2 3 |  3.3
Spellcasting   | 3 |  3.0
Dodging        | |  1.7
Stealth        | |  1.7

Action                   |  1- 3 |  4- 6 || total
-------------------------+-------+-------++-------
Melee: Unarmed           |     5 |       ||     5
       Short sword       |    15 |       ||    15
 Cast: Flame Tongue      |    60 |    44 ||   104
 Stab: Sleeping          |     2 |       ||     2
  Eat: Chunk             |     2 |     3 ||     5
Armor: Robe              |    14 |       ||    14
Dodge: Dodged            |    29 |     9 ||    38
Block: Other             |       |     3 ||     3

Table legend:
 A = Non-vault XP
 B = Vault XP
 C = Vault XP percentage of total XP
 D = Non-vault monster count
 E = Vault monster count
 F = Vault count percentage of total count
                 A         B        C        D         E       F
            +---------+---------+-------+---------+---------+-------
      Total |     147 |      49 |  25.0 |      61 |       7 |  10.3
            +---------+---------+-------+---------+---------+-------
        D:1 |      50 |       0 |   0.0 |      29 |       0 |   0.0
        D:2 |      84 |      43 |  33.9 |      31 |       4 |  11.4
        D:3 |      13 |       6 |  31.6 |       1 |       3 |  75.0
            +---------+---------+-------+---------+---------+-------
